 Dungeon Crawl Stone Soup version 0.29.1-1-gd02db6906a (webtiles) character file.

Game seed: 12008098482739171990

362 sentinel the Digger (level 7, -5/50 HPs)
             Began as a Meteoran Earth Elementalist on Oct 9, 2022.
             Was an Initiate of Cheibriados.
             Slain by Maggie
             ... wielding a +0 vorpal war axe
              (16 damage)
             ... on level 6 of the Dungeon.
             The game lasted 00:08:53 (971 turns).

sentinel the Digger (Meteoran Earth Elementalist)    Turns: 971, Time: 00:08:53

Health: -5/50      AC:  2    Str: 10    XL:     7   Next: 19%
Magic:  11/13      EV: 13    Int: 19    God:    Cheibriados [......]
Gold:   0          SH:  0    Dex: 17    Spells: 3/13 levels left

rFire   . . .      SeeInvis .   (no weapon)
rCold   . . .      Faith    .   (no shield)
rNeg    . . .      Spirit   .   a - +0 robe
rPois   .          Reflect  .   (no helmet)
rElec   .          Harm     .   (no cloak)
rCorr   .          Rampage  .   (no gloves)
Will    .....                   (no boots)
Stlth   +.........              (no amulet)
HPRegen 0.16/turn               (no ring)
MPRegen 0.13/turn               (no ring)

@: glowing, very slow
A: sense surroundings 1, otherworldly, glowing, explore regen
a: Renounce Religion


You were on level 6 of the Dungeon.
You worshipped Cheibriados.
Cheibriados was noncommittal.
You visited 2 branches of the dungeon, and saw 7 of its levels.

Inventory:

Missiles
 k - 3 boomerangs
Armour
 a - a +0 robe (worn)
Jewellery
 c - an amulet of guardian spirit
Scrolls
 f - a scroll of brand weapon {unknown}
 h - a scroll of poison {unknown}
 j - a scroll of teleportation {unknown}
 l - a scroll of immolation {unknown}
 n - a scroll of butterflies {unknown}
Potions
 b - a potion of brilliance {unknown}
 e - a potion of haste {unknown}
 g - a potion of ambrosia {unknown}
 i - 2 potions of heal wounds {unknown}
 m - a potion of berserk rage {unknown}


   Skills:
 - Level 2.4 Dodging
 - Level 1.4 Stealth
 + Level 3.6 Spellcasting
 - Level 5.0 Conjurations
 - Level 1.2 Transmutations
 - Level 5.1 Earth Magic
 + Level 3.8 Poison Magic


You had 3 spell levels left.
You knew the following spells:

 Your Spells              Type           Power      Damage    Failure   Level
a - Sandblast             Erth           44%        2d11      1%          1
b - Stone Arrow           Conj/Erth      44%        3d9       5%          3
c - Passwall              Tmut/Erth      12%        N/A       6%          2
t - Olgreb's Toxic Radia  Pois           17%        N/A       30%         4

Your spell library contained the following spells:

 Spells                   Type           Power      Damage    Failure   Level
 Sting                    Tmut/Pois      48%        1d5       5%          1
 Poisonous Vapours        Pois/Air       20%        N/A       10%         2
 Confusing Touch          Hex            3%         N/A       41%         3
 Petrify                  Tmut/Erth      15%        N/A       36%         4
 Animate Armour           Summ/Erth      26%        N/A       45%         4
 Summon Lightning Spire   Summ/Air       3%         N/A       82%         4
 Yara's Violent Unravell  Hex/Tmut       2%         3d3       97%         5
 Enfeeble                 Hex            1%         N/A       100%        7
 Storm Form               Tmut/Air       2%         N/A       100%        7
 Lehudib's Crystal Spear  Conj/Erth      11%        10d4      100%        8
 Maxwell's Capacitive Co  Air            1%         ∞         100%        8


Dungeon Overview and Level Annotations

Branches:
Dungeon (6/15) Zot: 4223   Temple (1/1) D:6 Zot: 638

Altars:
Ashenzari
Cheibriados
Dithmenos
Elyvilon
Fedhas
Hepliaklqana
Makhleb
Okawaru
Qazlal
Sif Muna
Trog
Uskayaw
Vehumet
Wu Jian
Xom
Yredelemnul
Zin
The Shining One

Annotations:
D:4 Menkaure
D:6 Maggie


Innate Abilities, Weirdness & Mutations

You passively map a small area around you.
You are easily found by Zot.
You glow in the dark.
You regain HP and MP as you explore.


Message History

Your magical contamination has completely faded away.
This spell is quite dangerous to cast!
Memorise Olgreb's Toxic Radiance, consuming 4 spell levels and leaving 1?
You start memorising the spell.
You continue memorising. x4
You finish memorising.
Spell assigned to 't'.
Magic restored.
Magic restored.
Found a fuming purple potion.
b - a fuming purple potion
Casting: Sandblast (safe; 1% risk of failure)
Confirm with . or Enter, or press ? or * to list all spells.
Aiming: Passwall (safe; 6% risk of failure)
Press: ? - help, Dir - move target A rock wall.
This rock feels extremely deep.
Casting: Passwall (safe; 6% risk of failure)
Confirm with . or Enter, or press ? or * to list all spells.
Aiming: Passwall (safe; 6% risk of failure)
Press: ? - help, Dir - move target, f - you Please select a wall.
Okay, then.
Casting: Passwall (safe; 6% risk of failure)
Confirm with . or Enter, or press ? or * to list all spells.
Aiming: Passwall (safe; 6% risk of failure)
Press: ? - help, Dir - move target A rock wall.
This rock feels extremely deep.
Casting: Passwall (safe; 6% risk of failure)
Confirm with . or Enter, or press ? or * to list all spells.
Aiming: Passwall (safe; 6% risk of failure)
Press: ? - help, Dir - move target A rock wall.
You begin to meditate on the wall.
You continue meditating on the rock. x2
You finish merging with the rock.
Found a fizzy orange potion and a masterwork quarterstaff.
The blast of sand hits the centaur.
The centaur is lightly wounded.
The centaur shouts!
You hear a shout! x2
The centaur hits you but does no damage.
The centaur kicks you.
The centaur hits you but does no damage.
The centaur kicks you.
The blast of sand hits the centaur but does no damage.
The centaur is lightly wounded.
The centaur hits you.
The centaur kicks you but does no damage.
The centaur closely misses you. The centaur kicks you.
The blast of sand hits the centaur!
The centaur is severely wounded.
The centaur closely misses you.
The centaur kicks you but does no damage.
The centaur hits you but does no damage.
The centaur kicks you.
You miscast Sandblast.
You are very lightly contaminated with residual magic.
Nothing appears to happen.
The centaur misses you. The centaur completely misses you.
The centaur hits you but does no damage.
The centaur completely misses you.
The blast of sand hits the centaur!
You kill the centaur!
Cheibriados appreciates the change of pace.
A cyclops comes into view.
You have reached level 7!
Press: ? - help, v - describe, . - travel, g - get item Item here: a fizzy orange potion.
The floor, spattered with blood.
Casting: Sandblast (safe; 1% risk of failure)
Confirm with . or Enter, or press ? or * to list all spells.
Aiming: Passwall (safe; 6% risk of failure)
Press: ? - help, Dir - move target A rock wall.
The cyclops hits you!!
Ouch! That really hurt!
You begin to meditate on the wall.
You continue meditating on the rock. x2
The cyclops closely misses you.
You finish merging with the rock.
Your magical contamination has completely faded away.
Found a scroll labelled SOELUKA VURYMO.
Found a dark potion.
Maggie the Vainglorious comes into view.
She is wielding a +0 vorpal war axe.
A white imp comes into view.
You aren't carrying any items that you can evoke.
Unknown command.
Okay, then.
Okay, then.
Casting: Passwall (safe; 6% risk of failure)
Confirm with . or Enter, or press ? or * to list all spells.
Aiming: Passwall (safe; 6% risk of failure)
Press: ? - help, Dir - move target A rock wall.
You begin to meditate on the wall.
You continue meditating on the rock. x2
Maggie shouts!
You continue meditating on the rock.
You finish merging with the rock.
Casting: Passwall (safe; 6% risk of failure)
Confirm with . or Enter, or press ? or * to list all spells.
Aiming: Passwall (safe; 6% risk of failure)
Press: ? - help, Dir - move target A rock wall.
You miscast Passwall.
You are very lightly contaminated with residual magic.
Nothing appears to happen.
Casting: Passwall (safe; 6% risk of failure)
Confirm with . or Enter, or press ? or * to list all spells.
Aiming: Passwall (safe; 6% risk of failure)
Press: ? - help, Dir - move target A rock wall.
You begin to meditate on the wall.
You continue meditating on the rock. x2
Maggie gestures at you while chanting. The bolt of fire misses you.
You continue meditating on the rock.
You finish merging with the rock.
Found a scroll labelled NOQOG TIEGUN.
The white imp gestures at you. The puff of frost hits you!
Casting: Passwall (safe; 6% risk of failure)
Confirm with . or Enter, or press ? or * to list all spells.
Aiming: Passwall (safe; 6% risk of failure)
Press: ? - help, Dir - move target A rock wall.
Your magical contamination has completely faded away.
You begin to meditate on the wall.
You continue meditating on the rock. x2
Maggie gestures wildly while chanting.
Maggie attempts to bespell you!
You are mesmerised by Maggie!
You finish merging with the rock.
You break out of your daze!
The white imp gestures at you. The puff of frost hits you!
The blast of sand hits the white imp.
The white imp is heavily wounded.
The white imp hits you. The white imp freezes you.
The blast of sand hits the white imp!!
You kill the white imp!
Cheibriados appreciates the change of pace.
Maggie hits you with a +0 vorpal war axe.
You aren't carrying any items that you can evoke.
Unknown command.
Okay, then.
Okay, then.
Okay, then.
Okay, then.
Okay, then.
Okay, then.
As you read the scroll labelled COUROC EHUNEOST, it crumbles to dust.
You hear a loud clanging noise!
It was a scroll of noise.
You hear an angry hiss.
Maggie hits you with a +0 vorpal war axe!
You die...

* , .# * ** * #.# ,
## #.## #, .. ...,
* #####.* .##.#,#
.. , ......#
.#.#.####.
.......###..#......
,. , ** *
#@#..........*...#
##@##.#........#.
####.##.##..#,.!
#?##.##..# ?#, *
#.5.5...###.# *
####........#. ,,
####@##....
#.##@##. * #.##.##.


You could see Maggie.

Vanquished Creatures
  An ice beast (D:6)
  A centaur (D:6)
  A hound (D:5)
  A jelly (D:6)
  2 iguanas
  3 adders
  A shadow imp (D:6)
  2 white imps
  2 dart slugs
  4 bats
  3 endoplasms (D:1)
  2 giant cockroaches (D:1)
  2 goblins
  2 hobgoblins
  2 jackals (D:1)
  A kobold (D:3)
  2 quokkas
  3 ball pythons
  2 frilled lizards
  2 rats (D:1)
39 creatures vanquished.

Notes
Turn   | Place    | Note
-------+----------+-------------------------------------------
     0 | D:1      | sentinel the Meteoran Earth Elementalist began the quest
                  | for the Orb.
     0 | D:1      | Reached XP level 1. HP: 14/14 MP: 5/5
   100 | D:2      | Reached XP level 2. HP: 20/20 MP: 3/6
   103 | D:2      | Learned a level 2 spell: Passwall
   147 | D:1      | Reached XP level 3. HP: 24/26 MP: 0/8
   190 | D:1      | Reached skill level 5 in Earth Magic
   341 | D:3      | Learned a level 3 spell: Stone Arrow
   394 | D:4      | Reached skill level 1 in Conjurations
   394 | D:4      | Reached XP level 4. HP: 33/33 MP: 6/9
   441 | D:4      | Noticed Menkaure
   475 | D:4      | Found a shimmering blue altar of Sif Muna.
   518 | D:5      | Entered Level 5 of the Dungeon
   520 | D:5      | Reached XP level 5. HP: 21/38 MP: 4/10
   583 | D:6      | Found a staircase to the Ecumenical Temple.
   593 | Temple   | Entered the Ecumenical Temple
   751 | Temple   | Became a worshipper of Cheibriados the Contemplative
   835 | D:6      | Noticed an ice beast
   838 | D:6      | Reached XP level 6. HP: 45/45 MP: 6/11
   842 | D:6      | Killed an ice beast
   843 | D:6      | Reached skill level 5 in Conjurations
   865 | D:6      | Learned a level 4 spell: Olgreb's Toxic Radiance
   920 | D:6      | Noticed a centaur
   924 | D:6      | Killed a centaur
   924 | D:6      | Noticed a cyclops
   925 | D:6      | Reached XP level 7. HP: 38/50 MP: 2/13
   944 | D:6      | Noticed Maggie
   971 | D:6      | Slain by Maggie

Illustrated notes

Levels and vault maps discovered:
D:1:      lightli_arrival_lavapool, layout_basic, minmay_misc_feat_encased
D:2:      layout_loops_cross, ebering_ecumenical_altar_mist, basic_altar
D:3:      layout_loops_corners
D:4:      layout_loops_corners, nicolae_overflow_crystal_walls,
          serial_bayou_pond_c, uniq_menkaure, uniq_eustachio
D:5:      layout_loops_ring
D:6:      minmay_cornered_nines, layout_loops_ring, minmay_temple_entry_mist,
          roderic_roman_lattice, minmay_quadrilaterals, uniq_maggie
Temple:   mainiacjoe_temple_trianglar_array

Skill      XL: |  1  2  3  4  5  6 |
---------------+-------------------+-----
Earth Magic    | 4 5 |  5.1
Conjurations   | 1 3 4 5 |  5.0
Spellcasting   | 3 |  3.6
Poison Magic   | 3 |  3.8
Dodging        | |  2.4
Stealth        | |  1.4
Transmutations | |  1.2

Action                   |  1- 3 |  4- 6 |  7- 9 || total
-------------------------+-------+-------+-------++-------
 Cast: Sandblast         |    32 |    24 |     2 ||    58
       Passwall          |     3 |     4 |     4 ||    11
       Stone Arrow       |       |     9 |       ||     9
  Use: Potion            |       |     1 |       ||     1
       Scroll            |       |       |     1 ||     1
Armor: Robe              |    11 |     8 |       ||    19
Dodge: Dodged            |    12 |    20 |     2 ||    34
